 Dungeon Crawl Stone Soup version 0.31-a0-164-g2312942fda (webtiles) character file.

Game seed: 2252085299545553267

54 qw the Shield-Bearer (level 3, -2/23 HPs)
             Began as a Gargoyle Fighter on June 13, 2023.
             Killed from afar by Natasha (5 damage)
             ... with a magic dart
             ... on level 2 of the Dungeon.
             The game lasted 00:00:32 (1186 turns).

qw the Shield-Bearer (Gargoyle Fighter)             Turns: 1186, Time: 00:00:33

Health: -2/23      AC: 13    Str: 21    XL:     3   Next: 91%
Magic:  3/3        EV:  9    Int:  8    God:
Gold:   52         SH:  4    Dex:  9    Spells: 2/2 levels left

rFire   . . .        Y - +0 war axe
rCold   + . .        c - +0 buckler
rNeg    + . .        b - +0 scale mail
rPois   inf          f - +2 hat
rElec   +            (no cloak)
rCorr   .            i - +0 pair of gloves
SInv    .            (no boots)
Will    .....        (no amulet) Stlth
                     h - ring of protection from cold
HPRegen 0.23/turn    (no ring)
MPRegen 0.08/turn

%: no passive effects
@: slowed, very slow
A: sickness immunity, AC +3, negative energy resistance 1, electricity
resistance, torment resistance 1, petrification resistance
a: no special abilities


You were on level 2 of the Dungeon.
You visited 1 branch of the dungeon, and saw 2 of its levels.

You collected 52 gold pieces.


Innate Abilities, Weirdness & Mutations

You are immune to sickness and miasma.
Your stone body is resilient. (AC +3)
You are immune to poison.
You resist negative energy. (rN+)
You are resistant to electric shocks. (rElec)
You are resistant to unholy torment.
You are immune to petrification.


   Skills:
 - Level 3.2 Fighting
 + Level 3.1 Axes
 - Level 1.6 Throwing
 - Level 3.2 Armour
 - Level 3.2 Shields


You had 2 spell levels left.
You didn't know any spells.
Your spell library was empty.

Inventory:

Hand Weapons
 a - a +0 club
 Y - a +0 war axe (weapon)
Missiles
 g - a silver javelin (quivered)
Armour
 b - a +0 scale mail (worn)
 c - a +0 buckler (worn)
 f - a +2 hat (worn)
 i - a +0 pair of gloves (worn)
Jewellery
 h - a ring of protection from cold (left hand)
Potions
 d - 3 potions of might
 e - a potion of brilliance {unknown}
 j - a potion of lignification {unknown}

Dungeon Overview and Level Annotations

Branches:
Dungeon (2/15)

Altars:

Shops:
D:1 (

Annotations:
D:2 Natasha


Message History

Natasha casts a spell at you.
The magic dart hits you but does no damage.
You barely miss Natasha.
Natasha is moderately wounded.
You closely miss the cerulean imp. Natasha misses you.
Natasha closely misses you.
The cerulean imp hits you but does no damage. x2
Natasha claws you.
You closely miss Natasha.
Natasha is moderately wounded.
You barely miss the cerulean imp.
Natasha casts a spell.
The cerulean imp hits you with a +1 spear.
Natasha barely misses you.
The cerulean imp hits you but does no damage.
Natasha claws you but does no damage.
You barely miss Natasha.
Natasha is moderately wounded.
You completely miss the cerulean imp. Natasha claws you but does no damage.
Natasha closely misses you. The cerulean imp closely misses you.
The cerulean imp hits you but does no damage.
You block the cerulean imp's attack. Natasha claws you but does no damage.
The cerulean imp completely misses you.
You closely miss Natasha.
Natasha is lightly wounded.
You hit the cerulean imp but do no damage.
Natasha barely misses you. Natasha closely misses you.
The cerulean imp misses you.
The cerulean imp hits you but does no damage.
You block the cerulean imp's attack. Natasha claws you but does no damage.
The cerulean imp closely misses you.
You barely miss Natasha.
Natasha is lightly wounded.
You slash the cerulean imp!
Natasha stares at you and mumbles some strange words.
The magic dart hits you. Natasha casts a spell at you. The magic dart hits you.
You die...

####...### #.#.##### #.#.
#...# #.#.# .... #.).#
#.#.#### #..# ##.## #......
#..# #.# ##...## #..### #.#
##.....## #....# ##.##
##.......######..#.#
##...####....%...........#.##.
#.......+....@h5..........)...
##...####....5.....#....>..###
##.## ##.......#.#.#..####
##.## ##.....##.....## #.#.#
##...#####.### ##.## ##+## #.#
#.# #.# #.# #.### #.# #.#
#.#.## ##.######.#


You could see Natasha (fast) and 2 cerulean imps.

Vanquished Creatures
  Natasha (D:2)
  2 ball pythons (D:1)
  4 endoplasms
  A giant cockroach (D:1)
  3 goblins
  5 hobgoblins
  A quokka (D:2)
  2 bats (D:1)
  4 frilled lizards
  2 kobolds (D:2)
  3 rats (D:1)
28 creatures vanquished.

Notes
Turn   | Place    | Note
-------+----------+-------------------------------------------
     0 | D:1      | qw the Gargoyle Fighter began the quest for the Orb.
     0 | D:1      | Reached XP level 1. HP: 14/14 MP: 1/1
     0 | D:1      | 0 ||| qw: Version: 0.2-a-29-gc1b59c4
     0 | D:1      | 0 ||| qw: Game counter: 4489
     0 | D:1      | 0 ||| qw: Always use a shield: true
     0 | D:1      | 0 ||| qw: God list: Okawaru
     0 | D:1      | 0 ||| qw: Allow faded altars: false
     0 | D:1      | 0 ||| qw: Do Orc after D:15 true
     0 | D:1      | 0 ||| qw: Do second Lair branch before Depths: true
     0 | D:1      | 0 ||| qw: Lair rune preference: random
     0 | D:1      | 0 ||| qw: Plans: Normal, Zot:1-4, Slime:5, God:TSO, Crypt,
                  | Tomb, Abyss, Pan, Hells, Win
     0 | D:1      | 0 ||| PLANNING D:1-11
     6 | D:1      | 6 ||| Stepping ~*~*~tactically~*~*~ (stealth).
    28 | D:1      | 28 ||| Stepping ~*~*~tactically~*~*~ (stealth).
    32 | D:1      | 32 ||| Stepping ~*~*~tactically~*~*~ (stealth).
    33 | D:1      | 33 ||| Stepping ~*~*~tactically~*~*~ (stealth).
   156 | D:1      | Reached XP level 2. HP: 19/19 MP: 2/2
   173 | D:1      | Found Reubby Emazi's Weapon Shop.
   180 | D:1      | 180 ||| SHOPLISTING +1 whip of draining (115 gold, have
                  | 17).
   491 | D:1      | 491 ||| Stepping ~*~*~tactically~*~*~ (stealth).
   492 | D:1      | 492 ||| Stepping ~*~*~tactically~*~*~ (stealth).
   753 | D:1      | 753 ||| UPGRADING to +2 hat.
   758 | D:1      | 758 ||| UPGRADING to +0 pair of gloves.
   763 | D:1      | 763 ||| UPGRADING to ring of protection from cold.
   764 | D:1      | 764 ||| READING scroll labelled RUREOQUPRAO.
   896 | D:2      | Reached skill level 3 in Axes
   939 | D:2      | Reached XP level 3. HP: 23/23 MP: 3/3
  1118 | D:2      | Noticed Natasha
  1132 | D:2      | Killed Natasha
  1133 | D:2      | Reached skill level 1 in Throwing
  1173 | D:2      | Noticed Natasha
  1174 | D:2      | 1174 ||| FLEEEEING.
  1175 | D:2      | 1175 ||| Stepping ~*~*~tactically~*~*~ (hiding).
  1186 | D:2      | HP: 3/23 [Natasha/magic dart (5)]
  1186 | D:2      | Killed from afar by Natasha

Levels and vault maps discovered:
D:1:      spicycebolla_green_bress_n_ham, layout_loops_ring, serial_shops, shop,
          chequers_arboretum, roderic_lattice_a
D:2:      layout_loops_corners, hellmonk_ecumenical_altar_inner_sanctum,
          uniq_natasha

Skill      XL: |  1  2  3 |
---------------+----------+-----
Axes           | 2 3 |  3.1
Throwing       | 1 |  1.6
Fighting       | |  3.2
Armour         | |  3.2
Shields        | |  3.2

Action                     || total
---------------------------++-------
  Melee: War axe           ||    79
  Throw: Javelin           ||    20
    Use: Scroll            ||     1
 Armour: Scale mail        ||    51
  Dodge: Dodged            ||    39
  Block: Buckler           ||    14

Table legend:
 A = Non-vault XP
 B = Vault XP
 C = Vault XP percentage of total XP
 D = Non-vault monster count
 E = Vault monster count
 F = Vault count percentage of total count
                 A         B        C        D         E       F
            +---------+---------+-------+---------+---------+-------
      Total |      43 |      35 |  44.9 |      27 |       1 |   3.6
            +---------+---------+-------+---------+---------+-------
        D:1 |      25 |       0 |   0.0 |      16 |       0 |   0.0
        D:2 |      18 |      35 |  66.0 |      11 |       1 |   8.3
            +---------+---------+-------+---------+---------+-------
